 Dungeon Crawl Stone Soup version 0.22.0-49-gab54619 (webtiles) character file.

30055 inc the Fighter (level 13, -2/144 HPs)
             Began as an Ogre Fire Elementalist on Sept 5, 2018.
             Was the Champion of Okawaru.
             Slain by a spiny frog (11 damage)
             ... on level 3 of the Lair of Beasts.
             The game lasted 00:43:04 (22088 turns).

inc the Fighter (Ogre Fire Elementalist)           Turns: 22088, Time: 00:43:05

Health: -2/144     AC: 14    Str: 15    XL:     13   Next: 49%
Magic:  19/29      EV:  9    Int: 20    God:    Okawaru [******]
Gold:   887        SH:  0    Dex:  9    Spells: 6/19 levels left

rFire    + . .     SeeInvis +   s - +0 whip (elec)
rCold    . . .     Gourm    .   (no shield)
rNeg     . . .     Faith    .   y - +1 troll leather armour {Purgy}
rPois    .         Spirit   .   (helmet restricted)
rElec    .         Reflect  .   j - +0 cloak
rCorr    .         Harm     .   (gloves unavailable)
MR       +....                  (boots unavailable)
Stlth    +.........             (no amulet)
HPRegen  0.74/turn              Q - +5 ring of protection
MPRegen  0.21/turn              I - ring of magical power

@: no status effects
A: large, unfitting armour, iridescent scales 1, see invisible, fire resistance
1, tough skin 1
a: Heroism, Finesse, Renounce Religion


You were on level 3 of the Lair of Beasts.
You worshipped Okawaru.
Okawaru was exalted by your worship.
You were not hungry.

You visited 3 branches of the dungeon, and saw 18 of its levels.
You also visited: Ossuary.

You collected 887 gold pieces.

Inventory:

Hand Weapons
 b - a +0 blowgun
 s - a +0 whip of electrocution (weapon)
 v - a +0 giant club
 P - a +0 giant spiked club
Missiles
 m - 76 poisoned needles
 E - 2 throwing nets (quivered)
 F - 4 needles of confusion
Armour
 j - a +0 cloak (worn)
 y - a +1 troll leather armour (worn) {Purgy}
 N - a scarf of spirit shield
 U - a +0 hat
 V - the +11 gold dragon scales "Fodou" {rPois rF+ rC+ rN+ Regen+ Str+3}
   (Okawaru gifted it to you on level 3 of the Lair of Beasts)

   It affects your strength (+3).
   It protects you from fire.
   It protects you from cold.
   It protects you from poison.
   It protects you from negative energy.
   It increases your rate of regeneration.
Jewellery
 f - an uncursed ring of protection from fire
 h - an uncursed ring of flight
 B - an uncursed ring of fire
 I - a ring of magical power (right hand)
 Q - a +5 ring of protection (left hand)
 X - the ring "Isecu" {rN+ EV+2 Stlth+}
   (You found it on level 3 of the Lair of Beasts)

   [ring of evasion]

   It affects your evasion (+2).
   It protects you from negative energy.
   It makes you more stealthy.
 Y - an uncursed ring of see invisible
Wands
 l - a wand of iceblast (7)
 D - a wand of disintegration (6)
 S - a wand of acid (27)
 W - a wand of flame (17)
Scrolls
 a - 2 scrolls of summoning
 d - 5 scrolls of identify
 e - 2 scrolls of random uselessness {unknown}
 g - a scroll of fear
 p - 11 scrolls of remove curse
 q - 3 scrolls of enchant weapon {unknown}
 w - 2 scrolls of fog
 x - 4 scrolls of teleportation
 L - 2 scrolls of immolation
 M - a scroll of magic mapping
 O - 2 scrolls of amnesia
 T - a scroll of enchant armour
Potions
 k - 3 potions of might
 n - 5 potions of curing
 o - 4 potions of magic {unknown}
 r - a potion of mutation
 t - a potion of berserk rage {unknown}
 u - 4 potions of haste
 z - 5 potions of brilliance
 A - 3 potions of lignification
 C - 2 potions of flight
 H - a potion of cancellation
 J - a potion of agility
Comestibles
 c - 14 rations


   Skills:
 + Level 13.3 Fighting
 + Level 9.8 Maces & Flails
 - Level 1.7 Dodging
 - Level 1.4 Stealth
 - Level 3.8 Spellcasting
 - Level 9.8 Conjurations
 - Level 9.7 Fire Magic
 - Level 9.4 Invocations


You had 6 spell levels left.
You knew the following spells:

 Your Spells              Type           Power        Failure   Level  Hunger
a - Flame Tongue          Conj/Fire      #####        1%          1    None
b - Conjure Flame         Conj/Fire      #####...     1%          3    ###....
c - Sticky Flame          Conj/Fire      #####...     3%          4    ####...
d - Fireball              Conj/Fire      #####.....   9%          5    ######.

Your spell library contained the following spells:

 Spells                   Type           Power        Failure   Level  Hunger
 Throw Flame              Conj/Fire      #####.       1%          2    ##.....
 Shock                    Conj/Air       ###.         2%          1    None
 Static Discharge         Conj/Air       ###.....     6%          3    ###....
 Inner Flame              Hex/Fire       ###.....     7%          3    ###....
 Animate Skeleton         Necr           N/A          16%         1    None
 Pain                     Necr           #...         16%         1    None
 Summon Small Mammal      Summ           #...         16%         1    None
 Call Imp                 Summ           #.......     24%         2    ##.....
 Swiftness                Chrm/Air       #.......     24%         2    ##.....
 Bolt of Magma            Conj/Fire/Erth ####......   30%         5    ######.
 Call Canine Familiar     Summ           #.......     43%         3    ###....
 Regeneration             Chrm/Necr      #.........   43%         3    ###....
 Summon Guardian Golem    Hex/Summ       #.......     43%         3    ###....
 Vampiric Draining        Necr           #.........   43%         3    ###....
 Lightning Bolt           Conj/Air       ###.......   52%         5    ######.
 Airstrike                Air            #.........   85%         4    ####...
 Animate Dead             Necr           N/A          85%         4    ####...
 Leda's Liquefaction      Hex/Erth       #.........   85%         4    ####...
 Summon Ice Beast         Ice/Summ       #.......     85%         4    ####...
 Summon Lightning Spire   Summ/Air       #.......     85%         4    ####...
 Iron Shot                Conj/Erth      ###.......   97%         6    #######
 Statue Form              Tmut/Erth      #........    100%        6    #######
 Shatter                  Erth           #.........   100%        9    #######


Dungeon Overview and Level Annotations

Branches:
Dungeon (13/15)            Temple (1/1) D:7            Lair (4/6) D:9
 Shoals (0/4) Lair:2        Snake (0/4) Lair:3          Orc (0/2) D:11
 Vaults: D:13-14

Altars:
Ashenzari
Cheibriados
Dithmenos
Elyvilon
Fedhas
Gozag
Hepliaklqana
Nemelex Xobeh
Okawaru
Qazlal
Ru
Sif Muna
Trog
Vehumet
Xom
Zin
The Shining One

Annotations:
D:12 1 runed door, TotesWizzard's ghost, journeyman VSBe
Lair:3 exclusion: 4 oklob plants


Innate Abilities, Weirdness & Mutations

You are too large for most types of armour.
You have tough skin. (AC +1)
You are partially covered in iridescent scales. (AC +2)
You have supernaturally acute eyesight. (SInv)
Your flesh is heat resistant. (rF+)


Message History

The spiny frog stings you but does no damage.
Unknown command.
You feel sick.
Casting: Flame Tongue (safe; 1% risk of failure)
Confirm with . or Enter, or press ? or * to list all spells.
Aiming: Sticky Flame (safe; 3% risk of failure)
Press: ? - help, Shift-Dir - straight line, f - spiny frog, p - spiny frog
Aim: a spiny frog (moderately wounded)
The sticky flame hits the spiny frog.
The spiny frog appears unharmed.
The spiny frog is moderately wounded.
The spiny frog is covered in liquid flames!
You feel sick.
The spiny frog burns!
The spiny frog stings you!
* * * LOW HITPOINT WARNING * * *
The spiny frog closely misses you.
Unknown command.
* * * LOW HITPOINT WARNING * * *
You feel sick.
You feel better.
The spiny frog burns!
The spiny frog stops burning.
The spiny frog stings you!
You die...

≈≈≈≈≈≈≈≈≈≈≈≈........## #...##
≈≈≈≈≈≈≈≈≈≈≈..........# ##...#
≈≈≈≈≈≈≈≈≈≈≈≈≈......./#### #..P#
♣≈≈≈≈≈≈≈≈≈≈≈...##....##.#####...#
♣♣P≈≈≈≈≈≈≈≈≈...#...#....P##.P...#
♣≈≈≈P≈≈≈≈≈≈≈......##P...........
♣♣♣≈≈≈≈≈≈≈≈≈..F...####..#....Pb.
♣♣♣♣####≈#..F..## ######P....
#.P.##.#...#@.# ##....
#.......##l#..# #P.##.
#..#.#.###..#.# ###..###
#....#.##..#..# #...P# #
#....#.###.##.### #P..## #
##.....# #..#.#.# #P..## #
#.#...###......## ###....# #
###..###P.......# #...P.## #
##.P# ##.......###....### #


You could see 2 spiny frogs.

Vanquished Creatures
  A hydra (Lair:3)
  4 two-headed ogres
  A death yak (D:9)
  2 ugly things (D:12)
  3 cyclopes
  4 black mambas
  A merfolk siren (Lair:2)
  8 spiny frogs
  A rime drake (Lair:2)
  2 centaur skeletons
  A komodo dragon (Lair:3)
  2 trolls (D:12)
  4 hornets
  4 slime creatures (D:13)
  4 blink frogs (Lair:2)
  4 hippogriffs
  A wraith (D:13)
  2 basilisks
  28 yaks
  A wyvern (D:9)
  3 hungry ghosts
  2 acid dragons (D:11)
  2 soldier ants (D:9)
  5 porcupines
  16 water moccasins
  5 orc warriors
  Purgy (D:2)
  4 ice beasts
  2 phantoms
  2 sky beasts
  3 black bears
  An eye of draining (D:13)
  A necrophage (D:6)
  6 ogres
  5 centaurs
  8 crocodiles
  12 bullfrogs
  5 big kobolds
  3 water moccasin zombies (Ossuary)
  2 wyvern skeletons
  A scorpion (Lair:3)
  22 wights
  A howler monkey (D:6)
  4 electric eels (Lair:3)
  4 crimson imps
  6 jellies
  2 bullfrog zombies
  10 hounds
  7 orc priests
  Crazy Yiuf (D:3)
  20 orc wizards
  A bullfrog skeleton (D:8)
  Natasha (thrice) (D:2 D:3)
  11 worker ants
  A hell rat (D:9)
  A killer bee zombie (D:7)
  2 big kobold zombies (Ossuary)
  A hound zombie (D:7)
  A hound skeleton (D:8)
  2 mummies (Ossuary)
  A worker ant zombie (D:10)
  6 gnolls
  4 river rats (D:9)
  22 adders
  A shadow imp (D:11)
  2 oozes
  10 adder zombies
  2 worms
  2 dart slugs
  4 leopard geckos
  58 orcs
  12 bats
  9 goblins
  4 hobgoblins
  8 jackals
  6 quokkas
  A ball python (D:2)
  8 frilled lizards
  7 gnoll zombies (Ossuary)
  4 hobgoblin zombies (Ossuary)
  29 kobolds
  A kobold zombie (Ossuary)
  A leopard gecko skeleton (D:7)
  5 orc zombies (Ossuary)
  8 rats
482 creatures vanquished.

Vanquished Creatures (others)
  A hobgoblin zombie (Ossuary)
  An orc zombie (Ossuary)
  A bush (Lair:3)
  15 fungi
  25 plants
43 creatures vanquished.

Grand Total: 525 creatures vanquished

Notes
Turn   | Place    | Note
-------+----------+-------------------------------------------
     0 | D:1      | inc the Ogre Fire Elementalist began the quest for the Orb.
     0 | D:1      | Reached XP level 1. HP: 16/16 MP: 3/3
    48 | D:1      | Reached skill level 1 in Conjurations
   213 | D:1      | Reached XP level 2. HP: 24/24 MP: 1/5
   868 | D:1      | Reached XP level 3. HP: 31/31 MP: 4/6
  1184 | D:2      | Noticed Natasha
  1196 | D:2      | Killed Natasha
  1196 | D:2      | Reached XP level 4. HP: 20/39 MP: 0/7
  2134 | D:3      | Noticed Natasha
  2258 | D:3      | Reached XP level 5. HP: 45/45 MP: 5/8
  2301 | D:3      | Noticed Purgy
  2609 | D:3      | Learned a level 3 spell: Conjure Flame
  2614 | D:3      | Learned a level 4 spell: Sticky Flame
  3402 | D:3      | Killed Natasha
  3620 | D:3      | Found a runed door.
  3624 | D:3      | Noticed Crazy Yiuf
  3637 | D:3      | Killed Crazy Yiuf
  3637 | D:3      | Reached XP level 6. HP: 53/53 MP: 4/9
  3689 | D:3      | Noticed Natasha
  3708 | D:3      | Killed Natasha
  3989 | D:4      | Found a sparkling altar of Nemelex Xobeh.
  3990 | D:4      | Found a bloodstained altar of Trog.
  3992 | D:4      | Found a radiant altar of Vehumet.
  3993 | D:4      | Found a sacrificial altar of Ru.
  3995 | D:4      | Found a shattered altar of Ashenzari.
  3995 | D:4      | Found a hazy altar of Hepliaklqana.
  3996 | D:4      | Found a shadowy altar of Dithmenos.
  4497 | D:4      | Noticed a phantom
  4524 | D:4      | Killed a phantom
  4524 | D:4      | Reached skill level 5 in Conjurations
  4524 | D:4      | Reached skill level 5 in Fire Magic
  4524 | D:4      | Reached XP level 7. HP: 32/59 MP: 0/10
  4720 | D:4      | Reached skill level 1 in Fighting
  4720 | D:4      | Reached skill level 1 in Maces & Flails
  4856 | D:4      | Reached skill level 2 in Fighting
  5050 | D:5      | Entered Level 5 of the Dungeon
  5234 | D:5      | Found a blossoming altar of Fedhas.
  5731 | D:5      | Reached skill level 3 in Fighting
  6503 | D:2      | Killed Purgy
  6503 | D:2      | Reached skill level 4 in Fighting
  6503 | D:2      | Reached XP level 8. HP: 68/79 MP: 4/11
  6617 | D:6      | Reached skill level 5 in Fighting
  6740 | D:6      | Found an iron altar of Okawaru.
  6748 | D:6      | Became a worshipper of Warmaster Okawaru
  6760 | D:6      | Reached skill level 6 in Fighting
  6905 | D:6      | Found a deep blue altar of Sif Muna.
  6907 | D:6      | Found a stormy altar of Qazlal.
  7181 | D:6      | Reached skill level 7 in Fighting
  7354 | D:6      | Reached skill level 5 in Maces & Flails
  7388 | D:6      | Reached * piety under Okawaru
  7600 | D:6      | Reached XP level 9. HP: 82/93 MP: 5/12
  7740 | D:6      | Found a glowing silver altar of Zin.
  7741 | D:6      | Found a snail-covered altar of Cheibriados.
  7822 | D:7      | Found a sand-covered staircase.
  7867 | Ossuary  | Entered an ossuary
  9126 | D:7      | Found a staircase to the Ecumenical Temple.
  9144 | Temple   | Entered the Ecumenical Temple
  9657 | D:8      | Reached ** piety under Okawaru
 10104 | D:8      | Found a glowing golden altar of the Shining One.
 10189 | D:8      | Reached XP level 10. HP: 98/102 MP: 9/15
 10200 | D:8      | Noticed a two-headed ogre
 10213 | D:8      | Killed a two-headed ogre
 10213 | D:8      | Reached *** piety under Okawaru
 10950 | D:8      | Got a dazzling trident
 10981 | D:9      | Noticed a two-headed ogre
 11163 | D:9      | Received a gift from Okawaru
 11195 | D:9      | Noticed a death yak
 11196 | D:9      | Noticed a death yak
 11249 | D:9      | Noticed a death yak
 11256 | D:9      | Killed a death yak
 11423 | D:9      | Got a translucent trident
 11487 | D:9      | Reached **** piety under Okawaru
 11714 | D:9      | Paralysed by a hornet for 2 turns
 11722 | D:9      | Paralysed by a hornet for 1 turns
 12164 | D:9      | Reached XP level 11. HP: 109/109 MP: 16/16
 12180 | D:9      | Paralysed by a hornet for 2 turns
 12296 | D:9      | Killed a two-headed ogre
 12378 | D:9      | Reached ***** piety under Okawaru
 12455 | D:9      | Paralysed by a hornet for 2 turns
 12582 | D:9      | Found a staircase to the Lair.
 12646 | D:9      | Found a blossoming altar of Fedhas.
 12916 | D:10     | Entered Level 10 of the Dungeon
 13265 | D:10     | Reached skill level 8 in Fighting
 13676 | D:11     | Got a dazzling trident
 13763 | D:11     | Identified the +1 trident of Anger {flame, -Tele rPois rN+
                  | Dex+4} (You found it on level 11 of the Dungeon)
 13764 | D:11     | Identified the +8 trident of Neiczaow {pain, *Corrode rElec
                  | rPois MR+} (You found it on level 8 of the Dungeon)
 13765 | D:11     | Identified the cursed +1 trident of Fear {pierce, rElec}
                  | (You found it on level 9 of the Dungeon)
 13954 | D:11     | Found a staircase to the Orcish Mines.
 13988 | D:11     | Reached skill level 1 in Invocations
 14403 | D:12     | Noticed a two-headed ogre
 14409 | D:12     | Noticed a cyclops
 14426 | D:12     | Killed a two-headed ogre
 14550 | D:12     | Learned a level 5 spell: Fireball
 14646 | D:12     | Found a runed door.
 14646 | D:12     | Noticed TotesWizzard's ghost (journeyman VSBe)
 14764 | D:12     | Reached skill level 5 in Invocations
 14994 | D:12     | Noticed a brown ugly thing
 15010 | D:12     | Killed a brown ugly thing
 15088 | D:12     | Noticed a two-headed ogre
 15106 | D:12     | Killed a two-headed ogre
 15337 | D:12     | Reached ****** piety under Okawaru
 15624 | D:12     | Killed a cyclops
 15624 | D:12     | Reached XP level 12. HP: 115/122 MP: 14/18
 15945 | D:12     | Received a gift from Okawaru
 16897 | D:13     | Reached skill level 9 in Fighting
 17826 | D:13     | Noticed a brown very ugly thing
 17954 | Lair:1   | Entered Level 1 of the Lair of Beasts
 18178 | Lair:2   | Reached skill level 10 in Fighting
 18339 | Lair:2   | Noticed a six-headed hydra
 18721 | Lair:2   | Found a staircase to the Shoals.
 18793 | Lair:2   | Reached skill level 11 in Fighting
 19686 | Lair:3   | Reached XP level 13. HP: 109/139 MP: 7/20
 19937 | Lair:3   | Reached skill level 12 in Fighting
 20149 | Lair:3   | Found a staircase to the Snake Pit.
 20619 | Lair:3   | Got a wavering amber ring
 20655 | Lair:3   | Identified the ring "Isecu" {rN+ EV+2 Stlth+} (You found it
                  | on level 3 of the Lair of Beasts)
 20772 | Lair:3   | Received a gift from Okawaru
 20815 | Lair:3   | Got distressingly furry gold dragon scales {god gift}
 20816 | Lair:3   | Identified the +11 gold dragon scales "Fodou" {rPois rF+
                  | rC+ rN+ Regen+ Str+3} (Okawaru gifted it to you on level 3
                  | of the Lair of Beasts)
 21263 | Lair:3   | Gained mutation: Your body sometimes deteriorates upon
                  | taking damage. [potion of mutation]
 21263 | Lair:3   | Gained mutation: You occasionally shout uncontrollably at
                  | your foes. [potion of mutation]
 21263 | Lair:3   | Gained mutation: You are partially covered in iridescent
                  | scales. (AC +2) [potion of mutation]
 21264 | Lair:3   | Lost mutation: Your body sometimes deteriorates upon taking
                  | damage. [potion of mutation]
 21264 | Lair:3   | Lost mutation: You occasionally shout uncontrollably at
                  | your foes. [potion of mutation]
 21264 | Lair:3   | Lost mutation: You are partially covered in iridescent
                  | scales. (AC +2) [potion of mutation]
 21264 | Lair:3   | Gained mutation: You are partially covered in iridescent
                  | scales. (AC +2) [potion of mutation]
 21264 | Lair:3   | Gained mutation: You have supernaturally acute eyesight.
                  | (SInv) [potion of mutation]
 21264 | Lair:3   | Gained mutation: Your flesh is heat resistant. (rF+)
                  | [potion of mutation]
 21285 | Lair:3   | Reached skill level 13 in Fighting
 22086 | Lair:3   | HP: 4/144 [spiny frog (13)]
 22088 | Lair:3   | Slain by a spiny frog

Skill      XL: |  1  2  3  4  5  6  7  8  9 10 11 12 13 |
---------------+----------------------------------------+-----
Conjurations   | 1 2 3 4 5 7 9 |  9.8
Fire Magic     | 3 4 5 7 9 |  9.7
Fighting       | 4 7 8 11 13 | 13.3
Maces & Flails | 3 5 8 9 |  9.8
Spellcasting   | 3 |  3.8
Invocations    | 8 9 |  9.4
Dodging        | |  1.7
Stealth        | |  1.4

Action                   |  1- 3 |  4- 6 |  7- 9 | 10-12 | 13-15 || total
-------------------------+-------+-------+-------+-------+-------++-------
Melee: Unarmed           |     5 |       |       |       |       ||     5
       Mace              |    12 |       |       |       |       ||    12
       Short sword       |       |    19 |       |       |       ||    19
       Flail             |       |    18 |    10 |       |       ||    28
       Giant club        |       |       |    73 |       |       ||    73
       Whip              |       |       |   115 |   144 |    61 ||   320
 Fire: Blowgun           |       |     5 |       |       |       ||     5
 Cast: Flame Tongue      |    46 |   103 |   213 |   586 |   159 ||  1107
       Sticky Flame      |       |     5 |    30 |    98 |    37 ||   170
       Conjure Flame     |       |     2 |     4 |     7 |     1 ||    14
       Fireball          |       |       |       |    15 |     6 ||    21
Invok: Heroism           |       |       |       |     1 |       ||     1
  Use: Scroll            |     1 |     4 |     3 |    17 |     1 ||    26
       Potion            |       |     2 |       |     2 |     4 ||     8
  Eat: Chunk             |     1 |     9 |    24 |    34 |    14 ||    82
       Ration            |       |     1 |     1 |     6 |     1 ||     9
Armor: Robe              |    20 |    28 |    34 |       |       ||    82
       Troll leather arm |       |       |    66 |   167 |   100 ||   333
Dodge: Dodged            |    18 |    71 |   170 |   186 |   105 ||   550
